 Dungeon Crawl Stone Soup version 0.31-a0-193-gdfe2569204 (webtiles) character file.

Game seed: 15643061809061304430

120 qw the Skirmisher (level 4, 0/25 HPs)
             Began as a Deep Elf Hunter on June 24, 2023.
             Slain by a goblin
             ... wielding a +1 dagger of electrocution
              (3 damage)
             ... on level 3 of the Dungeon.
             The game lasted 00:00:36 (1846 turns).

qw the Skirmisher (Deep Elf Hunter)                 Turns: 1846, Time: 00:00:36

Health: 0/25       AC:  5    Str:  9 (10) XL:     4   Next: 75%
Magic:  6/6        EV: 10    Int: 13 (14) God:
Gold:   150        SH:  0    Dex: 17 (18) Spells: 3/3 levels left

rFire   . . .        Y - +0 shortbow (chaos)
rCold   . . .        (shield currently unavailable)
rNeg    . . .        a - +0 ring mail
rPois   .            (no helmet)
rElec   .            (no cloak)
rCorr   .            (no gloves)
SInv    .            (no boots)
Will    .....        (no amulet)
Stlth   +            (no ring)
HPRegen 0.24/turn    (no ring)
MPRegen 0.10/turn

%: no passive effects
@: no status effects
A: no striking features
a: no special abilities


You were on level 3 of the Dungeon.
You visited 1 branch of the dungeon, and saw 3 of its levels.

You collected 150 gold pieces.


   Skills:
 - Level 1.5 Fighting
 + Level 8.2 Ranged Weapons
 - Level 2.4 Dodging
 - Level 1.2 Stealth


You had 3 spell levels left.
You didn't know any spells.
Your spell library was empty.

Inventory:

Hand Weapons
 Y - a +0 shortbow of chaos (weapon)
Armour
 a - a +0 ring mail (worn)
Scrolls
 d - a scroll of revelation {unknown}
Potions
 b - a potion of resistance {unknown}
 c - a potion of mutation {unknown}
 e - a potion of magic {unknown}
 f - 2 potions of curing
 h - a potion of lignification {unknown}

Dungeon Overview and Level Annotations

Branches:
Dungeon (3/15)

Altars:


Message History

The sleepcap is heavily damaged.
The sleepcap closely misses you.
You shoot an arrow.
The arrow hits the sleepcap but does no damage.
The sleepcap is heavily damaged.
The sleepcap releases spores at you!
You are engulfed in a cloud of soporific spores!
You fall asleep.
A ball python comes into view.
The sleepcap releases spores at you!
You wake up.
Ouch! That really hurt!
You shoot an arrow. The ball python hisses angrily.
The arrow hits the sleepcap.
The arrow burns the sleepcap.
The sleepcap is heavily damaged.
The sleepcap releases spores at you.
You shoot an arrow. The arrow hits the sleepcap.
The sleepcap is severely damaged.
The sleepcap releases spores at you.
You shoot an arrow.
The arrow hits the sleepcap but does no damage.
Nothing appears to happen.
The sleepcap is severely damaged.
The sleepcap closely misses you. x2
You shoot an arrow.
The arrow hits the sleepcap but does no damage.
The sleepcap is severely damaged.
The sleepcap releases spores at you but does no damage.
You shoot an arrow. The arrow hits the sleepcap!
Lightning courses through the sleepcap!!
You destroy the sleepcap!
The goblin hits you but does no damage.
You feel your dexterity returning.
Your Ranged Weapons skill increases to level 8!
You shoot an arrow. The arrow misses the goblin.
The goblin misses you.
The ball python bites you but does no damage.
The ball python barely misses you.
The goblin hits you with a +1 dagger of electrocution.
You die...

####.... .......
#..... ###.... #.
#..... #. #.... #.
#.gS# ##'##..@###
. #...#.....##
..###...#......#
..'.....#......##
#....'.......#
#....#.....(.####
#....####.....#.##
#....# ######...#
#.# #....# #...#
#.#


You could see a goblin and a ball python.

Vanquished Creatures
  A sleepcap (D:3)
  4 adders
  2 worms
  5 ball pythons
  3 endoplasms
  2 giant cockroaches (D:1)
  5 goblins
  6 hobgoblins
  6 kobolds
  2 quokkas
  10 bats
  3 frilled lizards
  5 rats
54 creatures vanquished.

Notes
Turn   | Place    | Note
-------+----------+-------------------------------------------
     0 | D:1      | qw the Deep Elf Hunter began the quest for the Orb.
     0 | D:1      | Reached XP level 1. HP: 12/12 MP: 3/3
     0 | D:1      | 0 ||| qw: Version: 0.3-a-9-g12657ce
     0 | D:1      | 0 ||| qw: Game counter: 4670
     0 | D:1      | 0 ||| qw: Always use a shield: true
     0 | D:1      | 0 ||| qw: God list: Okawaru
     0 | D:1      | 0 ||| qw: Allow faded altars: false
     0 | D:1      | 0 ||| qw: Do Orc after D:15 true
     0 | D:1      | 0 ||| qw: Do second Lair branch before Depths: true
     0 | D:1      | 0 ||| qw: Lair rune preference: random
     0 | D:1      | 0 ||| qw: Plans: Normal
     0 | D:1      | 0 ||| PLANNING D:1-11
    68 | D:1      | Found a faded altar of an unknown god.
    76 | D:1      | Reached XP level 2. HP: 15/16 MP: 4/4
   105 | D:1      | Reached skill level 6 in Ranged Weapons
   496 | D:1      | Reached XP level 3. HP: 16/18 MP: 5/5
   650 | D:1      | 650 ||| READING scroll labelled SALUFI NIHUE.
   651 | D:1      | 651 ||| DROPPING scroll of butterflies.
   749 | D:2      | Reached skill level 7 in Ranged Weapons
  1259 | D:2      | You fall into a shaft and drop 1 floor!
  1374 | D:3      | Reached XP level 4. HP: 25/25 MP: 6/6
  1551 | D:3      | 1551 ||| UPGRADING to +0 ring mail.
  1561 | D:3      | 1561 ||| DROPPING +0 leather armour.
  1562 | D:3      | 1562 ||| DRINKING 3 red potions.
  1563 | D:3      | 1563 ||| DRINKING 2 fizzy black potions.
  1564 | D:3      | 1564 ||| DROPPING potion of degeneration.
  1572 | D:3      | 1572 ||| FLEEEEING.
  1573 | D:3      | 1573 ||| FLEEEEING.
  1574 | D:3      | 1574 ||| STAIRDANCE
  1840 | D:3      | HP: 5/25 [sleepcap (13)]
  1842 | D:3      | HP: 2/25 [sleepcap (2)]
  1846 | D:3      | Reached skill level 8 in Ranged Weapons
  1846 | D:3      | Slain by a goblin

Levels and vault maps discovered:
D:1:      mushboom_english_gardens, layout_basic,
          hellmonk_ecumenical_altar_heavens_door, minmay_misc_feat_square
D:2:      layout_basic, serial_glass, glass_columns_a, glass_columns_a,
          chequers_serial_rivers_room_a, glass_columns_b
D:3:      layout_basic, gammafunk_ghost_cemetery, hellmonk_no_cap

Skill      XL: |  1  2  3  4 |
---------------+-------------+-----
Ranged Weapons | 6 7 8 |  8.2
Fighting       | |  1.5
Dodging        | |  2.4
Stealth        | |  1.2

Action                     |  1- 3 |  4- 6 || total
---------------------------+-------+-------++-------
   Fire: Shortbow          |   106 |    30 ||   136
    Use: Scroll            |     1 |       ||     1
         Potion            |       |     2 ||     2
 Armour: Leather armour    |    11 |       ||    11
         Ring mail         |       |     4 ||     4
  Dodge: Dodged            |    24 |     9 ||    33

Table legend:
 A = Non-vault XP
 B = Vault XP
 C = Vault XP percentage of total XP
 D = Non-vault monster count
 E = Vault monster count
 F = Vault count percentage of total count
                 A         B        C        D         E       F
            +---------+---------+-------+---------+---------+-------
      Total |     136 |      36 |  20.9 |      53 |       1 |   1.9
            +---------+---------+-------+---------+---------+-------
        D:1 |      44 |       0 |   0.0 |      26 |       0 |   0.0
        D:2 |      48 |       0 |   0.0 |      15 |       0 |   0.0
        D:3 |      44 |      36 |  45.0 |      12 |       1 |   7.7
            +---------+---------+-------+---------+---------+-------
